 Dungeon Crawl Stone Soup version 0.27.1-33-g824d729ab1 (webtiles) character file.

Game seed: 10071658400195435765

72 pkoi the Ruffian (level 4, -4/38 HPs)
             Began as a Draconian Monk on Nov 29, 2021.
             Killed by nerve-wracking pain
             ... invoked by Grinder
              (6 damage)
             ... on level 3 of the Dungeon.
             The game lasted 00:02:48 (2601 turns).

pkoi the Ruffian (Draconian Monk)                   Turns: 2601, Time: 00:02:48

Health: -4/38      AC:  5    Str: 14    XL:     4   Next: 7%
Magic:  4/4        EV: 12    Int: 11    God:
Gold:   164        SH:  0    Dex: 13    Spells: 3/3 levels left

rFire    . . .     SeeInvis .     - Unarmed
rCold    . . .     Faith    .   (no shield)
rNeg     . . .     Spirit   .   (armour unavailable)
rPois    .         Reflect  .   (helmet restricted)
rElec    .         Harm     .   (no cloak)
rCorr    .         Rampage  .   (no gloves)
Will     .....                  (no boots)
Stlth    ++........             b - amulet of the acrobat
HPRegen  0.12/turn              (no ring)
MPRegen  0.09/turn              (no ring)

@: hasted, very quick
A: AC +5, unfitting armour, cold-blooded
a: no special abilities


You were on level 3 of the Dungeon.
You visited 1 branch of the dungeon, and saw 3 of its levels.

You collected 164 gold pieces.

Inventory:

Missiles
 h - 3 boomerangs of dispersal (quivered)
 k - a throwing net
Jewellery
 b - an amulet of the acrobat (around neck)
Scrolls
 g - a scroll of blinking {unknown}
 i - a scroll of acquirement {unknown}
 j - 3 scrolls of teleportation {unknown}
 l - a scroll of amnesia {unknown}
Potions
 d - a potion of haste
 e - a potion of flight {unknown}
 f - a potion of cancellation {unknown}


   Skills:
 - Level 3.2 Fighting
 - Level 2.6 Dodging
 - Level 1.7 Stealth
 + Level 5.0 Unarmed Combat


You had 3 spell levels left.
You didn't know any spells.
Your spell library contained the following spells:

 Spells                   Type           Power      Damage    Failure   Level
 Passwall                 Tmut/Erth      0%         N/A       47%         2
 Swiftness                Air            0%         N/A       71%         3
 Invisibility             Hex            0%         N/A       100%        6


Dungeon Overview and Level Annotations

Branches:
Dungeon (3/15)

Altars:

Annotations:
D:3 Grinder


Innate Abilities, Weirdness & Mutations

Your plain brown scales are hard. (AC +5)
You cannot fit into any form of body armour.
You are cold-blooded and may be slowed by cold attacks.


Message History

The puff of flame hits you!
It was a potion of ambrosia.
You are confused.
You feel invigorated.
The adder hisses angrily.
Grinder closely misses you.
Grinder says, "Tell me all your secrets, or I'll kill you."
Grinder says, "There's only one good use for a tongue: cutting it out."
Grinder gestures at you. You resist with significant effort.
It was a potion of haste.
You feel yourself speed up. Grinder gestures at you.
You suddenly lose the ability to move!
You feel less invigorated.
You feel less confused.
You can move again.
You barely miss Grinder. Grinder hits you.
You hit Grinder.
Grinder is lightly wounded.
You barely miss Grinder.
Grinder is lightly wounded.
Grinder hits you!
You writhe in agony.
You hit Grinder.
Grinder is lightly wounded.
You hit Grinder.
Grinder is moderately wounded.
Grinder hits you!
* * * LOW HITPOINT WARNING * * *
You closely miss Grinder. You tail-slap Grinder.
Grinder is heavily wounded.
Grinder hits you!
* * * LOW HITPOINT WARNING * * *
You writhe in agony.
* * * LOW HITPOINT WARNING * * *
You hit Grinder but do no damage.
Grinder is heavily wounded.
You hit Grinder.
Grinder is heavily wounded.
Grinder gestures at you. Pain shoots through your body!
You die...

## ... ## .... ..
.....########.###
.......>.@5S....#
.....##)#####.#..#
.....##.#####.#
.........)....# .
......#.#######
.##....# ......#.#
..#....# ..... #.#
#.#....# ..... #.#
#.#....#
......#.######
#.#....#


You could see Grinder and an adder.

Vanquished Creatures
  3 adders
  A worm (D:2)
  2 orcs
  A bat (D:1)
  2 endoplasms
  4 goblins
  A hobgoblin (D:1)
  6 jackals (D:1)
  3 kobolds
  3 quokkas
  4 ball pythons
  3 frilled lizards
  6 rats
39 creatures vanquished.

Notes
Turn   | Place    | Note
-------+----------+-------------------------------------------
     0 | D:1      | pkoi the Draconian Monk began the quest for the Orb.
     0 | D:1      | Reached XP level 1. HP: 19/19 MP: 1/1
    72 | D:1      | Reached XP level 2. HP: 25/26 MP: 2/2
   499 | D:1      | Reached skill level 4 in Unarmed Combat
   511 | D:1      | Found a faded altar of an unknown god.
   708 | D:2      | Reached XP level 3. HP: 31/31 MP: 3/3
  2518 | D:3      | Reached XP level 4. HP: 38/38 MP: 4/4
  2575 | D:3      | Reached skill level 5 in Unarmed Combat
  2578 | D:3      | Noticed Grinder
  2582 | D:3      | Paralysed by Grinder for 6 turns
  2592 | D:3      | Paralysed by Grinder for 2 turns
  2601 | D:3      | Killed from afar by Grinder

Illustrated notes

Levels and vault maps discovered:
D:1:      saegor_arrival_simple_c, layout_rooms,
          hellmonk_ecumenical_altar_run_dry
D:2:      layout_loops_ring, minmay_distorted
D:3:      layout_basic, uniq_grinder

Skill      XL: |  1  2  3  4 |
---------------+-------------+-----
Unarmed Combat | 4 5 |  5.0
Fighting       | |  3.2
Dodging        | |  2.6
Stealth        | |  1.7

Action                   |  1- 3 |  4- 6 || total
-------------------------+-------+-------++-------
Melee: Unarmed           |   115 |    17 ||   132
       Tailslap          |    18 |     2 ||    20
       Punch             |     2 |       ||     2
  Use: Scroll            |     1 |       ||     1
       Potion            |       |     3 ||     3
 Stab: Sleeping          |     7 |       ||     7
Armor: Skin              |    33 |       ||    33
Dodge: Dodged            |    72 |    10 ||    82
